 Dungeon Crawl Stone Soup version 0.31.0-11-ge490571c62 (webtiles) character file.

Game seed: 9274034103041089769

27077 Rassilon the Carver (level 13, -10/111 HPs)
             Began as a Demonspawn Monk on Jan 29, 2024.
             Was the Champion of Wu Jian.
             Killed from afar by a molten gargoyle (21 damage)
             ... with a bolt of magma
             ... on level 10 of the Dungeon.
             The game lasted 01:22:16 (11394 turns).

Rassilon the Carver (Demonspawn Monk)              Turns: 11394, Time: 01:22:17

Health: -10/111    AC: 19    Str: 14    XL:     13   Next: 2%
Magic:  13/13      EV: 15    Int: 10    God:    Wu Jian [******]
Gold:   678        SH:  0    Dex: 19    Spells: 12/12 levels left

rFire   + . .        J - +5 scimitar (flame)
rCold   + . .        d - orb {light}
rNeg    . . .        y - +4 scale mail of Awe {Will+ Regen+ Stlth+}
rPois   +            G - +2 hat {Stlth+}
rElec   +            C - +0 cloak
rCorr   +            w - +2 pair of gloves
SInv    .            q - +0 pair of boots
Will    ++...        B - amulet of regeneration
Stlth   +            I - ring of willpower
HPRegen 1.98/turn    n - +4 ring of slaying
MPRegen 0.13/turn

%: no passive effects
@: resistant, glowing
A: horns 2, rugged brown scales 2, foul stench 2, powered by pain 2
a: Renounce Religion, Wall Jump, Serpent's Lash, Heavenly Storm


You were on level 10 of the Dungeon.
You worshipped Wu Jian.
Wu Jian was exalted by your worship.
You visited 3 branches of the dungeon, and saw 14 of its levels.
You also visited: Ossuary and Volcano.

You collected 853 gold pieces.
You spent 175 gold pieces at shops.

Inventory:

Hand Weapons
 e - the +9 dagger of the Poles {drain, Int+3}
   (You found it on level 2 of the Dungeon)

   Int+3:     It affects your intelligence (+3).
 J - a +5 scimitar of flaming (weapon)
Missiles
 h - 5 throwing nets (quivered)
 H - a curare-tipped dart
Armour
 d - an orb of light (worn)
 q - a +0 pair of boots (worn)
 w - a +2 pair of gloves (worn)
 y - the +4 scale mail of Awe (worn) {Will+ Regen+ Stlth+}
   (You found it on level 5 of the Dungeon)

   Will+:     It increases your willpower.
   Regen+:    It increases your rate of health regeneration.
   Stlth+:    It makes you more stealthy.
 C - a +0 cloak (worn)
 G - a +2 hat of stealth (worn)
 K - a +2 scale mail of fire resistance
Jewellery
 j - a ring of see invisible
 n - a +4 ring of slaying (right hand)
 B - an amulet of regeneration (around neck)
 I - a ring of willpower (left hand)
 Q - a ring of positive energy
 R - a ring of wizardry
Talismans
 x - a flux talisman
 L - a dragon-blood talisman
Wands
 a - a wand of charming (9)
 b - a wand of roots (14)
 p - a wand of flame (42)
 N - a wand of quicksilver (3)
Scrolls
 f - 3 scrolls of revelation
 l - a scroll of fear {unknown}
 o - 2 scrolls of vulnerability {unknown}
 r - 2 scrolls of amnesia {unknown}
 t - 2 scrolls of poison
 v - 2 scrolls of enchant weapon
 z - 6 scrolls of teleportation
 A - a scroll of fog {unknown}
 F - 2 scrolls of enchant armour
 M - a scroll of brand weapon {unknown}
 O - a scroll of summoning
 P - a scroll of blinking {unknown}
Potions
 c - 3 potions of ambrosia
 g - 3 potions of haste
 i - 4 potions of brilliance
 k - 6 potions of curing
 m - a potion of lignification
 s - 3 potions of mutation
 u - 4 potions of invisibility
 D - a potion of resistance
 E - a potion of might
 S - a potion of berserk rage


   Skills:
 + Level 11.6 Fighting
 + Level 13.7 Long Blades
 + Level 10.7 Dodging
 + Level 4.6 Shapeshifting


You had 12 spell levels left.
You didn't know any spells.
Your spell library contained the following spells:

 Spells                   Type           Power      Damage    Failure   Level
 Apportation              Tloc           0%         N/A       86%         1
 Foxfire                  Conj/Fire      0%         2x1d4     86%         1
 Magic Dart               Conj           0%         1d3       86%         1
 Necrotise                Necr           0%         1d4       86%         1
 Sting                    Conj/Alch      0%         1d3       86%         1
 Summon Small Mammal      Summ           0%         N/A       86%         1
 Cigotuvi's Dreadful Rot  Necr/Alch/Air  0%         N/A       95%         2
 Jinxbite                 Hex            0%         N/A       95%         2
 Lesser Beckoning         Tloc           0%         N/A       95%         2
 Searing Ray              Conj           0%         2d4       95%         2
 Dazzling Flash           Conj/Hex       0%         N/A       99%         3
 Gell's Gravitas          Tloc           0%         N/A       99%         3
 Teleport Other           Tloc           0%         N/A       99%         3
 Volatile Blastmotes      Fire/Tloc      0%         2d10      99%         3
 Dispel Undead            Necr           0%         3d6       100%        4
 Fulminant Prism          Conj/Alch      0%         3d5       100%        4
 Martyr's Knell           Necr/Summ      0%         N/A       100%        4
 Passage of Golubria      Tloc           0%         N/A       100%        4
 Alistair's Intoxication  Alch           0%         N/A       100%        5
 Silence                  Hex/Air        0%         N/A       100%        5
 Death Channel            Necr           0%         N/A       100%        6
 Plasma Beam              Fire/Air       0%         2x1d10    100%        6
 Starburst                Conj/Fire      0%         6d3       100%        6
 Lehudib's Crystal Spear  Conj/Erth      0%         10d2      100%        8
 Maxwell's Capacitive Co  Air            0%         ∞         100%        8


Dungeon Overview and Level Annotations

Branches:
Dungeon (10/15)            Temple (1/1) D:5            Lair (3/5) D:9
  Swamp (0/4) Lair:3        Snake (0/4) Lair:3      Ossuary (visited)
Volcano (visited)
    Orc: D:9-12

Altars:
Ashenzari
Cheibriados
Dithmenos
Fedhas
Gozag
Hepliaklqana
Kikubaaqudgha
Makhleb
Nemelex Xobeh
Okawaru
Qazlal
Ru
Sif Muna
Trog
Uskayaw
Vehumet
Wu Jian
Xom
Yredelemnul

Shops:
D:6 [

Annotations:
D:5 2 transporters, Rassilon's ghost, novice DsMo


Innate Abilities, Weirdness & Mutations

You have a pair of horns on your head.
You are mostly covered in rugged brown scales. (AC +2, +5% HP)
You sometimes emit foul miasma when damaged in melee.
You sometimes gain power by taking damage.


Message History

You hit the molten gargoyle.
You headbutt the molten gargoyle, but do no damage.
The molten gargoyle is heavily damaged.
You hit the molten gargoyle but do no damage.
The molten gargoyle is heavily damaged.
The molten gargoyle blasts magma at you!
The bolt of magma hits you!!
The molten gargoyle blasts magma at you!
The bolt of magma hits the molten gargoyle.
The molten gargoyle partially resists.
The bolt of magma hits you!
You slash the molten gargoyle!
You destroy the molten gargoyle!
The Council accepts your kill.
The molten gargoyle blasts magma at you!
The bolt of magma misses you.
You see here a +6 morningstar.
You hit the molten gargoyle but do no damage.
You headbutt the molten gargoyle.
The molten gargoyle is lightly damaged.
You hit the molten gargoyle but do no damage.
You headbutt the molten gargoyle, but do no damage.
The molten gargoyle is lightly damaged.
The molten gargoyle hits you with a +0 morningstar!
You are engulfed in flames!
You slash the molten gargoyle!
The molten gargoyle is heavily damaged.
The molten gargoyle hits you with a +0 morningstar.
You are engulfed in flames!
* * * LOW HITPOINT WARNING * * *
Unknown command.
The molten gargoyle attacks as it pursues you!
The molten gargoyle hits you with a +0 morningstar.
* * * LOW HITPOINT WARNING * * *
You are engulfed in flames!
* * * LOW HITPOINT WARNING * * *
You emit a cloud of foul miasma!
You feel protected.
The molten gargoyle blasts magma at you!
The bolt of magma hits you!! You partially resist.
You die...

#.............
#............
##.#+#'#####..
#..#.......#..
#..#.#####.#.##### #
#..#.# #.#.#...# .+
#..#.# #.#.#...#..#
#..#.# #.#.#......#
#..#.######.#.#@#
##..'..<....#.#9#.#
....##+#####...≈.§...#
............#.≈≈≈≈§≈..#
########...#.≈≈§≈§≈≈.#..
# #....#.≈≈88§§..#. #
#...#..≈≈88≈≈[#.# #
#....#.§≈§≈≈≈≈.## #
...#.§≈≈≈≈≈≈.#.


You could see a molten gargoyle.

Vanquished Creatures
  A stone giant (Volcano)
  Harold (D:9)
  4 death yaks (Lair:3)
  A skyshark (Lair:1)
  2 bog bodies (Lair:3)
  The ghost of Curundu the Cleaver, a novice MiBe of Trog (D:7)
  A salamander (Lair:3)
  Maurice (D:9)
  6 elephants
  A black mamba (Lair:3)
  A gargoyle (D:10)
  3 molten gargoyles
  6 cane toads (Lair:2)
  3 komodo dragons
  An efreet (Volcano)
  A troll (D:10)
  A polar bear (Lair:1)
  A hornet (D:9)
  5 blink frogs (Lair:3)
  Sigmund (D:2)
  A vampire (D:9)
  3 wraiths
  2 fire bats (Volcano)
  3 wyverns
  28 yaks
  2 fire elementals (Volcano)
  A steam dragon (D:8)
  3 nagas (Lair:3)
  2 hell hounds (Lair:1)
  9 water moccasins
  6 black bears
  3 orc warriors
  An ogre (D:5)
  16 wolves
  2 centaurs
  2 phantoms
  A kobold brigand (D:7)
  2 elf zombies (Ossuary)
  2 earth elementals (Volcano)
  12 bullfrogs
  A scorpion (D:5)
  6 killer bees (D:8)
  8 howler monkeys
  A quasit (D:7)
  4 lava snakes (Volcano)
  2 centaur zombies (Ossuary)
  6 hounds
  2 human zombies (Ossuary)
  5 orc priests
  Crazy Yiuf (D:7)
  A sleepcap (D:6)
  Jessica (D:2)
  3 iguanas
  Terence (D:2)
  15 orc wizards
  2 mummies (Ossuary)
  3 hound zombies (Ossuary)
  Robin (D:2)
  5 adders
  2 shadow imps
  2 ufetubi (D:6)
  7 adder zombies (Ossuary)
  2 dart slugs
  2 ribbon worms
  40 orcs
  6 bats
  6 endoplasms
  9 giant cockroaches
  6 gnoll zombies (Ossuary)
  7 hobgoblins
  4 jackals
  12 kobolds
  4 quokkas
  9 ball pythons
  4 frilled lizards
  9 goblins
  A goblin zombie (D:8)
  2 jackal zombies (Ossuary)
  4 kobold skeletons (D:8)
  10 kobold zombies
  3 orc skeletons (D:8)
  5 orc zombies
  6 rats
  2 butterflies (Lair:2)
375 creatures vanquished.

Notes
Turn   | Place    | Note
-------+----------+-------------------------------------------
     0 | D:1      | Rassilon the Demonspawn Monk began the quest for the Orb.
     0 | D:1      | Reached XP level 1. HP: 18/18 MP: 1/1
    55 | D:1      | Reached skill level 3 in Long Blades
    57 | D:1      | Gained mutation: You may rarely emit foul miasma when
                  | damaged in melee. [demonic ancestry]
    57 | D:1      | Reached XP level 2. HP: 22/24 MP: 2/2
   375 | D:1      | Gained mutation: You have a pair of small horns on your
                  | head. [demonic ancestry]
   375 | D:1      | Reached XP level 3. HP: 27/29 MP: 3/3
   554 | D:2      | Noticed Sigmund
   554 | D:2      | Found the amulet of Elemental Vulnerability {rPois rF--
                  | rC-- AC+8}
   709 | D:2      | Identified the +9 dagger of the Poles {drain, Int+3}
   812 | D:2      | Noticed Robin
   821 | D:2      | Killed Robin
   822 | D:2      | Reached XP level 4. HP: 28/35 MP: 4/4
   824 | D:2      | Noticed Jessica
   835 | D:2      | Killed Jessica
   836 | D:2      | Reached skill level 4 in Long Blades
  1040 | D:2      | Killed Sigmund
  1041 | D:2      | Gained mutation: You sometimes emit foul miasma when
                  | damaged in melee. [demonic ancestry]
  1041 | D:2      | Reached XP level 5. HP: 33/42 MP: 5/5
  1041 | D:2      | Gained mutation: You are partially covered in rugged brown
                  | scales. (AC +1, +3% HP) [demonic ancestry]
  1041 | D:2      | Reached XP level 6. HP: 33/49 MP: 6/6
  1348 | D:2      | Noticed Terence
  1351 | D:2      | Killed Terence
  1538 | D:3      | Reached skill level 5 in Long Blades
  1809 | D:3      | Found a snail-covered altar of Cheibriados.
  1883 | D:3      | Found an ornate altar of the Wu Jian Council.
  1887 | D:3      | Became a worshipper of the Wu Jian Council
  1887 | D:3      | Reached * piety under Wu Jian
  1887 | D:3      | Reached ** piety under Wu Jian
  2404 | D:4      | Found a stormy altar of Qazlal.
  2499 | D:4      | Gained mutation: You sometimes gain a little power by
                  | taking damage. [demonic ancestry]
  2499 | D:4      | Reached XP level 7. HP: 56/56 MP: 7/7
  2973 | D:5      | Entered Level 5 of the Dungeon
  2993 | D:5      | Found a sand-covered staircase.
  2998 | Ossuary  | Entered an ossuary
  3186 | Ossuary  | Reached skill level 5 in Fighting
  3234 | Ossuary  | Reached skill level 6 in Long Blades
  3280 | Ossuary  | Reached *** piety under Wu Jian
  3444 | D:5      | Found a transporter.
  3453 | D:5      | Noticed Rassilon's ghost (novice DsMo)
  3474 | D:5      | Reached skill level 5 in Dodging
  3474 | D:5      | Reached XP level 8. HP: 64/64 MP: 8/8
  3518 | D:5      | Found a staircase to the Ecumenical Temple.
  3710 | D:5      | Identified the staff "Ihiazy" {rC+ Will++ Fire Ice}
  3725 | D:5      | Reached skill level 7 in Long Blades
  3752 | D:5      | Found a transporter.
  3832 | D:5      | Identified the +4 scale mail of Awe {Will+ Regen+ Stlth+}
  4834 | Temple   | Entered the Ecumenical Temple
  5121 | D:6      | Noticed a +0 falchion
  5121 | D:6      | Noticed a +0 short sword
  5130 | D:6      | Noticed a +0 spear
  5130 | D:6      | Noticed a +0 dagger
  5131 | D:6      | Noticed a +0 spear
  5131 | D:6      | Noticed a +0 falchion
  5131 | D:6      | Noticed a +0 short sword
  5191 | D:6      | Found Ocazu's Antique Armour Shoppe.
  5199 | D:6      | Bought an embroidered hat for 175 gold pieces
  5209 | D:6      | Noticed a +0 dagger
  5216 | D:6      | Found a hide-covered altar of Uskayaw.
  5529 | D:7      | Found a runed translucent door.
  5535 | D:7      | Noticed Curundu's ghost (novice MiBe)
  5538 | D:7      | Reached skill level 8 in Long Blades
  5548 | D:7      | Gained mutation: You are mostly covered in rugged brown
                  | scales. (AC +2, +5% HP) [demonic ancestry]
  5548 | D:7      | Reached XP level 9. HP: 66/74 MP: 9/9
  5552 | D:7      | Reached **** piety under Wu Jian
  5714 | D:7      | Found a broken altar of Ashenzari.
  5765 | D:7      | Reached skill level 9 in Long Blades
  5793 | D:7      | Found a runed translucent door.
  5794 | D:7      | Noticed Crazy Yiuf
  5851 | D:7      | Found an ancient bone altar of Kikubaaqudgha.
  5855 | D:7      | Found a shimmering blue altar of Sif Muna.
  6188 | D:7      | Killed Curundu's ghost
  6264 | D:7      | Killed Crazy Yiuf
  6641 | D:8      | Reached ***** piety under Wu Jian
  6671 | D:8      | Gained mutation: You have a pair of horns on your head.
                  | [demonic ancestry]
  6671 | D:8      | Reached XP level 10. HP: 82/84 MP: 10/10
  6862 | D:8      | Reached skill level 10 in Long Blades
  7175 | D:9      | Found a blossoming altar of Fedhas.
  7189 | D:9      | Found a bloodstained altar of Trog.
  7364 | D:9      | Found a staircase to the Lair.
  7397 | D:9      | Noticed Maurice
  7420 | D:9      | Maurice stole a flux talisman
  7425 | D:9      | Killed Maurice
  7614 | D:9      | Noticed Harold
  7632 | D:9      | Killed Harold
  7633 | D:9      | Reached skill level 11 in Long Blades
  7798 | D:10     | Entered Level 10 of the Dungeon
  7828 | D:10     | Gained mutation: You sometimes gain power by taking damage.
                  | [demonic ancestry]
  7828 | D:10     | Reached XP level 11. HP: 67/93 MP: 11/11
  8034 | D:10     | Reached skill level 12 in Long Blades
  8099 | D:10     | Noticed a two-headed ogre
  8183 | Lair:1   | Entered Level 1 of the Lair of Beasts
  8206 | Lair:1   | Noticed a skyshark
  8215 | Lair:1   | Killed a skyshark
  8262 | Lair:1   | Found a dark tunnel.
  8274 | Volcano  | Entered a volcano
  8479 | Volcano  | Found a burning altar of Makhleb.
  8523 | Volcano  | Noticed a stone giant
  8526 | Volcano  | Killed a stone giant
  8527 | Volcano  | Reached skill level 10 in Fighting
  9501 | Lair:2   | Reached skill level 1 in Shapeshifting
  9640 | Lair:2   | Reached XP level 12. HP: 102/102 MP: 12/12
  9652 | Lair:2   | Reached skill level 13 in Long Blades
 10393 | Lair:3   | Reached skill level 10 in Dodging
 10514 | Lair:3   | Noticed a death yak
 10545 | Lair:3   | Reached ****** piety under Wu Jian
 10568 | Lair:3   | Found a staircase to the Snake Pit.
 10619 | Lair:3   | Noticed a death yak
 10632 | Lair:3   | Noticed a death yak
 10632 | Lair:3   | Noticed a death yak
 10633 | Lair:3   | Killed a death yak
 10641 | Lair:3   | Killed a death yak
 10643 | Lair:3   | Killed a death yak
 10645 | Lair:3   | Killed a death yak
 10734 | Lair:3   | Found a staircase to the Swamp.
 10965 | Lair:3   | Reached XP level 13. HP: 111/111 MP: 13/13
 11394 | D:10     | Killed from afar by a molten gargoyle

Illustrated notes

Levels and vault maps discovered:
D:1:      dpeg_arrival_arbitrary_c, layout_rooms, st_stairs_1,
          minmay_pentomino_x2
D:2:      layout_loops_ring, minmay_misc_feat_diagonals, uniq_terence,
          uniq_jessica, uniq_sigmund, uniq_robin
D:3:      layout_loops_corners, mainiacjoe_overflow_brackets,
          mainiacjoe_overflow_large_starburst, minivault_23
D:4:      layout_basic, kennysheep_mini, hex_large
D:5:      layout_layer_cave, minmay_temple_entry_antechambers,
          gammafunk_ghost_smash, enter_ossuary_2, palyth_stone_intersect
D:6:      layout_loops_cross, nicolae_uskayaw_en_pointe, serial_shops, shop,
          serial_library_hellmonk_junction
D:7:      layout_loops_ring, cheibrodos_ashenzari_chains, minitemple,
          ebering_ghost_reflecting_pool, uniq_crazy_yiuf_cottage
D:8:      layout_basic, zin_statuary, nicolae_tso_besieged_by_evil
D:9:      layout_irregular_city, lemuel_round_altar, amcnicky_altar_gilded,
          minmay_lair_entry_grove, uniq_harold, uniq_maurice
D:10:     layout_irregular_city, minivault_8
Temple:   eino_temple_lava
Lair:1:   layout_regular_city, enter_volcano_3, st_stairs_6,
          infiniplex_staircase_pool, serial_bayou_shore_b
Lair:2:   layout_chaotic_city, chequers_serial_rivers_room_a,
          serial_bayou_shore_a, lemuel_fruit_fields
Lair:3:   layout_gridlike, skrybe_swamp_entry_bodies,
          alex1729_snake_entry_snake, kennysheep_catoblepas_arena,
          lemuel_fruit_tree

Skill      XL: |  1  2  3  4  5  6  7  8  9 10 11 12 |
---------------+-------------------------------------+-----
Long Blades    | 3 4 5 6 8 9 11 12 13 | 13.7
Dodging        | 3 4 5 6 7 8 9 10 | 10.7
Fighting       | 4 5 6 7 9 10 11 | 11.6
Shapeshifting  | 1 4 |  4.6

Action                     |  1- 3 |  4- 6 |  7- 9 | 10-12 | 13-15 || total
---------------------------+-------+-------+-------+-------+-------++-------
  Melee: Falchion          |    75 |       |       |       |       ||    75
         Dagger            |    18 |    75 |   431 |   550 |       ||  1074
         Headbutt          |     1 |    14 |   108 |   190 |     4 ||   317
         Scimitar          |       |       |       |   122 |    10 ||   132
Ability: Lunge             |       |     5 |    25 |    33 |     3 ||    66
         Wall Jump         |       |       |    25 |    62 |       ||    87
         Whirlwind         |       |       |    17 |   134 |       ||   151
    Use: Scroll            |     3 |     4 |     6 |     7 |     1 ||    21
         Potion            |       |       |     1 |     2 |     1 ||     4
 Armour: Robe              |    14 |       |       |       |       ||    14
         Leather armour    |    24 |    26 |    64 |       |       ||   114
         Scale mail        |       |       |   138 |   358 |     7 ||   503
  Dodge: Dodged            |    61 |    36 |   161 |   249 |     2 ||   509
